 Dungeon Crawl Stone Soup version 0.28-a0-1033-g1a2f33fa85 (webtiles) character file.

Game seed: 15702599621448203643

31394 Gwenloh the Grappler (level 11, -1/107 (113) HPs)
             Began as a Troll Monk on Dec 7, 2021.
             Was the Champion of Ru.
             Slain by an entropy weaver simulacrum (14 damage)
             ... in an ice cave on Dec 8, 2021.
             The game lasted 00:47:34 (14087 turns).

Gwenloh the Grappler (Troll Monk)                  Turns: 14087, Time: 00:47:36

HP:   -1/107 (113)  AC: 15    Str: 21    XL:     11   Next: 25%
MP:   0/10          EV: 13    Int:  6    God:    Ru [******]
Gold: 685           SH:  0    Dex: 16    Spells: 10/10 levels left

rFire   . . .      SeeInvis .     - Unarmed
rCold   + . .      Faith    .   (no shield)
rNeg    . . .      Spirit   +   N - +4 troll leather armour
rPois   .          Reflect  .   s - +2 hat
rElec   .          Harm     .   y - +2 cloak
rCorr   .          Rampage  .   (gloves unavailable)
Will    .....                   (boots unavailable)
Stlth   ++........              o - amulet of guardian spirit
HPRegen 1.87/turn               h - +4 ring of slaying
MPRegen 0.12/turn               k - ring of protection from cold

@: exhausted, drained
A: large, unfitting armour, claws 3, regeneration 1, shaggy fur 1, tough skin 1,
inability to use devices, hated by all, unskilled 1, inexperienced 1
a: Renounce Religion, Draw Out Power, Power Leap, Apocalypse


You were in an ice cave.
You worshipped Ru.
Ru was exalted by your worship.
You visited 3 branches of the dungeon, and saw 16 of its levels.
You also visited: Ice Cave.

You collected 685 gold pieces.

Inventory:

Missiles
 a - 11 large rocks
 c - 345 stones
 j - 4 throwing nets
 p - 116 poisoned darts
 E - 7 curare-tipped darts
 G - 8 boomerangs (quivered)
 H - 2 javelins
 O - 2 silver boomerangs
Armour
 s - a +2 hat (worn)
 y - a +2 cloak (worn)
 A - the +0 robe of the Gate {rPois rCorr MP+9 Int-5}
   (You found it on level 7 of the Dungeon)

   Int:       It affects your intelligence (-5).
   rPois:     It protects you from poison.
   MP:        It affects your magic capacity (+9).
   rCorr:     It protects you from acid and corrosion.
 N - a +4 troll leather armour (worn)
 P - +0 acid dragon scales
Jewellery
 h - a +4 ring of slaying (left claw)
 k - a ring of protection from cold (right claw)
 l - a ring of ice
 o - an amulet of guardian spirit (around neck)
 z - a +6 ring of dexterity
Scrolls
 g - 3 scrolls of magic mapping
 m - 2 scrolls of enchant armour
 n - a scroll of vulnerability {unknown}
 r - 4 scrolls of teleportation
 w - 2 scrolls of blinking
 C - 2 scrolls of fear
 K - 3 scrolls of immolation
 M - 3 scrolls of enchant weapon
Potions
 b - 4 potions of invisibility {unknown}
 d - 6 potions of curing
 e - 7 potions of heal wounds {unknown}
 f - 4 potions of might {unknown}
 i - 4 potions of degeneration {unknown}
 q - a potion of resistance {unknown}
 x - a potion of magic {unknown}
 D - a potion of ambrosia {unknown}
 I - 2 potions of haste {unknown}
 J - 2 potions of flight {unknown}
 L - a potion of attraction {unknown}
 Q - a potion of brilliance {unknown}


   Skills:
 + Level 8.3 Fighting
 + Level 8.5 Throwing
 + Level 8.3 Dodging
 - Level 0.9 Stealth
 * Level 13.6 Unarmed Combat


You had 10 spell levels left.
You didn't know any spells.
Your spell library contained the following spells:

 Spells                   Type           Power      Damage    Failure   Level
 Apportation              Tloc           0%         N/A       50%         1
 Magic Dart               Conj           0%         1d3       50%         1
 Slow                     Hex            0%         N/A       50%         1
 Corpse Rot               Necr/Air       0%         N/A       65%         2
 Ensorcelled Hibernation  Hex/Ice        0%         N/A       65%         2
 Passwall                 Tmut/Erth      0%         N/A       65%         2
 Poisonous Vapours        Pois/Air       0%         N/A       65%         2
 Searing Ray              Conj           0%         2d4       65%         2
 Confusing Touch          Hex            0%         N/A       86%         3
 Dazzling Flash           Conj/Hex       0%         N/A       86%         3
 Frozen Ramparts          Ice            0%         1d2       86%         3
 Gell's Gravitas          Tloc           0%         N/A       86%         3
 Lesser Beckoning         Tloc           0%         N/A       86%         3
 Swiftness                Air            0%         N/A       86%         3
 Teleport Other           Tloc           0%         N/A       86%         3
 Vampiric Draining        Necr           0%         2d6       86%         3
 Fulminant Prism          Conj/Hex       0%         3d6       99%         4
 Hailstorm                Conj/Ice       0%         3d3       99%         4
 Ice Form                 Ice/Tmut       0%         N/A       99%         4
 Iskenderun's Mystic Bla  Conj/Tloc      0%         2d3       99%         4
 Alistair's Intoxication  Tmut/Pois      0%         N/A       100%        5
 Iskenderun's Battlesphe  Conj           0%         2d6       100%        5
 Iron Shot                Conj/Erth      0%         9d1       100%        6
 Starburst                Conj/Fire      0%         6d3       100%        6
 Orb of Destruction       Conj           0%         N/A       100%        7
 Summon Guardian Golem    Hex/Summ       Unusable   N/A       N/A         3
 Tukima's Dance           Hex            Unusable   N/A       N/A         3
 Animate Dead             Necr           Unusable   N/A       N/A         4
 Summon Ice Beast         Ice/Summ       Unusable   N/A       N/A         4
 Simulacrum               Ice/Necr       Unusable   N/A       N/A         6
 Haunt                    Necr/Summ      Unusable   N/A       N/A         7
 Spellforged Servitor     Conj/Summ      Unusable   N/A       N/A         7
 Infestation              Necr           Unusable   N/A       N/A         8

Dungeon Overview and Level Annotations

Branches:
Dungeon (12/15)            Temple (1/1) D:6            Lair (3/6) D:11
  Swamp (0/4) Lair:2       Spider (0/4) Lair:3          Orc (0/2) D:12
  IceCv (1/1)

Altars:
Ashenzari
Cheibriados
Dithmenos
Elyvilon
Fedhas
Gozag
Hepliaklqana
Kikubaaqudgha
Makhleb
Nemelex Xobeh
Okawaru
Qazlal
Ru
Sif Muna
Trog
Uskayaw
Vehumet
Wu Jian
Xom
Yredelemnul
Zin
The Shining One

Shops:
D:4 =   D:8 **   D:10 [

Annotations:
Lair:3 1 runed translucent door, Ic0n's ghost, journeyman OgWz IceCv exclusion: ice statue


Innate Abilities, Weirdness & Mutations

You are too large for most types of armour.
You have claws for hands.
Your natural rate of healing is unusually fast.
You are covered in fur. (AC +1)
You have tough skin. (AC +1)
You cannot study or use magical devices.
You are hated by all.
You are somewhat unskilled. (-1 Apt)
You are somewhat inexperienced. (-2 XL)


Message History

Unknown command.
You are too injured to fight recklessly!
You are too injured to fight recklessly!
You scratch the entropy weaver simulacrum but do no damage.
The entropy weaver simulacrum is severely damaged.
The entropy weaver simulacrum misses you.
The entropy weaver simulacrum hits you!
The entropy weaver simulacrum freezes you!
You resist.
* * * LOW HITPOINT WARNING * * *
The entropy weaver simulacrum hits you but does no damage. x2
Okay, then.
You are restored by drawing out deep reserves of power within.
You feel drained.
The entropy weaver simulacrum misses you.
The entropy weaver simulacrum hits you.
The entropy weaver simulacrum freezes you!
You resist. The entropy weaver simulacrum hits you.
The entropy weaver simulacrum freezes you!
You resist. The entropy weaver simulacrum hits you.
The entropy weaver simulacrum freezes you!
You resist.
You focus your inner power and blind the entropy weaver simulacrum in retribution!
You catch the helpless entropy weaver simulacrum completely off-guard!
You scratch the entropy weaver simulacrum.
The entropy weaver simulacrum is severely damaged.
You barely miss the entropy weaver simulacrum.
The entropy weaver simulacrum is severely damaged.
The entropy weaver simulacrum is no longer blind.
The entropy weaver simulacrum hits you.
* * * LOW HITPOINT WARNING * * *
The entropy weaver simulacrum freezes you!
You resist.
* * * LOW HITPOINT WARNING * * *
The entropy weaver simulacrum barely misses you.
The entropy weaver simulacrum hits you.
* * * LOW HITPOINT WARNING * * *
The entropy weaver simulacrum freezes you!
You resist.
You die...

.....#####.....###
...###...####....##
####.......####...####
#......##.....##.....##
...########..).##.....##
..#### .###.)........#
....... ...######.....#
##...8# .....###......#
..### #....Z@.....## .##
#.........### ..
##.######## . #


You could see an entropy weaver simulacrum (corona).

Vanquished Creatures
  A quicksilver ooze (IceCv)
  2 hydras (Lair:2)
  A boulder beetle (D:11)
  4 two-headed ogres
  The ghost of Athor the Spear-Bearer, a novice FoAK of Lugonu (D:7)
  3 bog bodies (Lair:2)
  2 ugly things
  3 cyclopes
  2 manticores
  A gargoyle (D:12)
  A kobold demonologist (D:10)
  2 cane toads
  4 rime drakes
  2 entropy weaver simulacra (IceCv)
  8 komodo dragons
  3 trolls
  2 hornets
  8 blink frogs (Lair:1)
  Prince Ribbit (D:5)
  4 slime creatures (IceCv)
  4 shadows
  Sigmund (D:5)
  A wraith (D:12)
  4 vampires
  2 wyverns
  4 basilisks
  16 yaks
  5 vampire mosquitoes
  Edmund (D:6)
  3 wargs
  An acid dragon (D:11)
  4 water moccasins
  A demonic crawler simulacrum (IceCv)
  A swamp worm (Lair:2)
  A sky beast (D:4)
  4 orc warriors
  3 ice beasts
  3 necrophages
  2 ugly thing simulacra (IceCv)
  5 centaurs
  3 ogres
  4 wolves (Lair:1)
  11 kobold brigands
  7 bullfrogs
  2 glowing shapeshifter simulacra (IceCv)
  3 scorpions
  2 water moccasin skeletons
  21 wights
  2 howler monkeys
  An electric eel (Lair:2)
  2 bullfrog zombies
  7 centaur zombies
  2 jellies
  3 hounds
  Crazy Yiuf (D:6)
  A gnoll shaman (D:10)
  10 orc priests
  A bullfrog skeleton (D:6)
  Ijyb (D:5)
  An iguana (D:4)
  11 orc wizards
  A hound skeleton (D:5)
  A howler monkey zombie (D:10)
  7 adders
  9 gnolls
  An ufetubus (D:5)
  An adder skeleton (D:4)
  4 dart slugs
  35 orcs
  7 ball pythons
  3 bats
  8 endoplasms
  5 giant cockroaches
  11 goblins
  12 hobgoblins
  12 jackals
  12 kobolds
  4 quokkas
  4 frilled lizards (D:1)
  4 rats
358 creatures vanquished.

Vanquished Creatures (others)
  A komodo dragon (Lair:1)
  2 fungi (Lair:3)
  A plant (Lair:2)
  4 withered plants (D:4)
8 creatures vanquished.

Grand Total: 366 creatures vanquished

Notes
Turn   | Place    | Note
-------+----------+-------------------------------------------
     0 | D:1      | Gwenloh the Troll Monk began the quest for the Orb.
     0 | D:1      | Reached XP level 1. HP: 22/22 MP: 0/0
    73 | D:1      | Reached XP level 2. HP: 27/29 MP: 1/1
   403 | D:1      | Reached XP level 3. HP: 36/36 MP: 2/2
   691 | D:1      | Found a faded altar of an unknown god.
   994 | D:2      | Reached skill level 4 in Unarmed Combat
   997 | D:2      | Reached XP level 4. HP: 44/44 MP: 3/3
  1549 | D:3      | You fall into a shaft and drop 1 floor!
  1616 | D:4      | Found Zoamarot's Jewellery Shop.
  1670 | D:4      | Reached skill level 1 in Throwing
  1718 | D:3      | Reached XP level 5. HP: 53/53 MP: 4/4
  2070 | D:3      | Found an opulent altar of Gozag.
  2072 | D:3      | Found a radiant altar of Vehumet.
  2132 | D:3      | Found a broken altar of Ashenzari.
  2133 | D:3      | Found a sparkling altar of Nemelex Xobeh.
  2134 | D:3      | Found a blossoming altar of Fedhas.
  2137 | D:3      | Found a shadowy altar of Dithmenos.
  2609 | D:4      | Reached skill level 5 in Unarmed Combat
  2609 | D:4      | Reached XP level 6. HP: 42/61 MP: 2/5
  2855 | D:4      | Noticed a sky beast
  2878 | D:4      | Killed a sky beast
  3230 | D:4      | Found an ancient bone altar of Kikubaaqudgha.
  3397 | D:4      | Reached XP level 7. HP: 56/68 MP: 6/6
  3478 | D:4      | Reached skill level 6 in Unarmed Combat
  3599 | D:5      | Entered Level 5 of the Dungeon
  3725 | D:5      | Noticed a yak
  3725 | D:5      | Noticed a yak
  3725 | D:5      | Noticed a yak
  3743 | D:5      | Killed a yak
  3749 | D:5      | Killed a yak
  3753 | D:5      | Killed a yak
  3754 | D:5      | Reached XP level 8. HP: 45/78 MP: 5/7
  3810 | D:5      | Reached skill level 7 in Unarmed Combat
  3898 | D:5      | Found an ornate altar of the Wu Jian Council.
  4038 | D:5      | Noticed Prince Ribbit
  4051 | D:5      | Killed Prince Ribbit
  4100 | D:5      | Noticed Ijyb
  4165 | D:5      | Killed Ijyb
  4219 | D:5      | Noticed Sigmund
  4229 | D:5      | Killed Sigmund
  4230 | D:5      | Reached skill level 5 in Dodging
  4230 | D:5      | Reached skill level 8 in Unarmed Combat
  4292 | D:5      | Reached skill level 5 in Fighting
  4627 | D:6      | Reached XP level 9. HP: 83/88 MP: 6/8
  4765 | D:6      | Found a staircase to the Ecumenical Temple.
  4780 | Temple   | Entered the Ecumenical Temple
  4811 | Temple   | Became a worshipper of Ru the Awakened
  4819 | Temple   | Gained mutation: You are somewhat unskilled. (-1 Apt) [Ru
                  | sacrifice]
  4819 | Temple   | Reduced skill Unarmed Combat to level 7
  4819 | Temple   | Reached * piety under Ru
  5216 | D:6      | Found a runed translucent door.
  5217 | D:6      | Noticed Crazy Yiuf
  5235 | D:6      | Noticed Edmund
  5245 | D:6      | Killed Edmund
  5602 | D:6      | Killed Crazy Yiuf
  5710 | D:7      | Reached skill level 8 in Unarmed Combat
  5834 | D:7      | Reached skill level 5 in Dodging
  5921 | D:7      | Reached skill level 5 in Fighting
  6140 | D:7      | Found a stormy altar of Qazlal.
  6170 | D:7      | Identified the +0 robe of the Gate {rPois rCorr MP+9 Int-5}
  6650 | D:7      | Found a runed translucent gate.
  6650 | D:7      | Found a runed translucent gate.
  6650 | D:7      | Found a runed translucent gate.
  6651 | D:7      | Noticed Athor's ghost (novice FoAK)
  6851 | D:7      | Reached skill level 5 in Throwing
  6904 | D:7      | Killed Athor's ghost
  6905 | D:7      | Reached skill level 9 in Unarmed Combat
  6905 | D:7      | Reached XP level 10. HP: 30/96 MP: 3/9
  7235 | D:8      | Found Reurch's Assorted Antiques.
  7461 | D:8      | Noticed a two-headed ogre
  7472 | D:8      | Killed a two-headed ogre
  7640 | D:8      | Found an iron altar of Okawaru.
  7685 | D:8      | Gained mutation: You are somewhat inexperienced. (-2 XL)
                  | [Ru sacrifice]
  7685 | D:8      | Reached XP level 9. HP: 84/84 MP: 8/8
  7685 | D:8      | Reached XP level 8. HP: 78/78 MP: 7/7
  7685 | D:8      | Reached ** piety under Ru
  7685 | D:8      | Reached *** piety under Ru
  7819 | D:8      | Found Lufuaf's Assorted Antiques.
  8229 | D:9      | Reached skill level 10 in Unarmed Combat
  8845 | D:10     | Entered Level 10 of the Dungeon
  9038 | D:10     | Reached XP level 9. HP: 46/89 MP: 5/8
  9210 | D:10     | Noticed a purple ugly thing
  9244 | D:10     | Killed a purple ugly thing
  9332 | D:10     | Noticed a two-headed ogre
  9381 | D:10     | Found Fimmu's Antique Armour Shop.
  9904 | D:10     | Killed a two-headed ogre
  9905 | D:10     | Reached skill level 11 in Unarmed Combat
 10038 | D:11     | Found a staircase to the Lair.
 10041 | D:11     | Noticed a two-headed ogre
 10262 | D:11     | Gained mutation: You are hated by all. [Ru sacrifice]
 10262 | D:11     | Reached **** piety under Ru
 10271 | D:11     | Killed a two-headed ogre
 10811 | D:11     | Found a snail-covered altar of Cheibriados.
 11042 | D:12     | Noticed a boulder beetle
 11084 | D:11     | Killed a boulder beetle
 11124 | D:12     | Noticed a white ugly thing
 11135 | D:12     | Killed a white ugly thing
 11159 | D:12     | Reached XP level 10. HP: 102/102 MP: 9/9
 11187 | D:12     | Reached skill level 12 in Unarmed Combat
 11258 | D:12     | Found a staircase to the Orcish Mines.
 11777 | D:12     | Noticed a two-headed ogre
 11784 | D:12     | Killed a two-headed ogre
 11947 | Lair:1   | Entered Level 1 of the Lair of Beasts
 12396 | Lair:1   | Gained mutation: You cannot study or use magical devices.
                  | [Ru sacrifice]
 12396 | Lair:1   | Reached ***** piety under Ru
 12396 | Lair:1   | Reached ****** piety under Ru
 12808 | Lair:2   | Identified a scroll of acquirement
 12809 | Lair:2   | Acquired a +4 ring of slaying
 12870 | Lair:2   | Noticed a four-headed hydra
 12873 | Lair:2   | Killed a four-headed hydra
 12874 | Lair:2   | Reached skill level 13 in Unarmed Combat
 13024 | Lair:2   | Noticed a six-headed hydra
 13031 | Lair:2   | Killed a six-headed hydra
 13509 | Lair:2   | Reached XP level 11. HP: 111/111 MP: 10/10
 13515 | Lair:2   | Found a staircase to the Swamp.
 13577 | Lair:3   | Found a runed translucent door.
 13577 | Lair:3   | Found a shimmering altar of Xom.
 13577 | Lair:3   | Noticed Ic0n's ghost (journeyman OgWz)
 13585 | Lair:3   | Found a hole to the Spider Nest.
 13598 | Lair:3   | Paralysed by a hornet for 1 turns
 13722 | Lair:3   | Found a frozen archway.
 13732 | IceCv    | Entered an ice cave
 13838 | IceCv    | Noticed a quicksilver ooze
 13845 | IceCv    | Killed a quicksilver ooze
 14087 | IceCv    | Slain by an entropy weaver simulacrum

Illustrated notes

Levels and vault maps discovered:
D:1:      ebering_hopf_link, layout_loops_ring, chequers_ecumenical_altar_island
D:2:      layout_basic
D:3:      layout_rooms, grunt_temple_overflow_open, serial_park_tiny_1,
          chequers_serial_rivers_small_a, kennysheep_big_empty_room,
          grunt_decor_arrowhead
D:4:      minmay_opposing_rooms, layout_loops_corners,
          kiku_gazebo_garden_becter, serial_rivers,
          chequers_serial_rivers_large_a, chequers_serial_rivers_small_a,
          chequers_serial_rivers_micro_c, chequers_serial_rivers_micro_d,
          serial_shops, nicolae_shop_temple_entry_statues_fountains
D:5:      layout_rooms, nicolae_wu_jian_immortal_techniques,
          corexii_checkpoint_a, uniq_prince_ribbit1, uniq_ijyb, uniq_sigmund
D:6:      layout_gridville, minmay_temple_entry_mini_moons,
          uniq_crazy_yiuf_cottage, uniq_edmund
D:7:      layout_loops_corners, nicolae_qazlal_eye_of_the_storm,
          gammafunk_ghost_nasty_kobolds
D:8:      layout_rooms, mainiacjoe_overflow_paths, serial_shops, shop, shop
D:9:      layout_grid_maze
D:10:     minmay_s_stair_smasher, layout_loops_ring, serial_shops,
          nicolae_diamond_shop
D:11:     layout_cave_pods, erik_lair_orcish_takeover, cheibriados_altar_1
D:12:     layout_gridville, orc_0_dummy
Temple:   minmay_temple_bridge_abc
Lair:1:   layout_roguey
Lair:2:   layout_regular_city, nicolae_swamp_entry_splash_gauntlet,
          infiniplex_staircase_pool_2, grunt_megastairs_4
Lair:3:   layout_loops_ring, nicolae_spider_entry_non_spiders,
          portal_ice_cave_rime, ebering_ghost_xom
IceCv:    ice_cave_hellmonk_azure_passage

Skill      XL: |  1  2  3  4  5  6  7  8  9 10 |
---------------+-------------------------------+-----
Unarmed Combat | 4 5 6 10 11 13 | 13.6
Fighting       | 3 4 6 7 8 |  8.3
Dodging        | 3 4 6 7 8 |  8.3
Throwing       | 1 2 3 6 7 8 |  8.5
Stealth        | 0 |  0.9

Action                   |  1- 3 |  4- 6 |  7- 9 | 10-12 || total
-------------------------+-------+-------+-------+-------++-------
Melee: Unarmed           |   101 |   148 |   567 |   283 ||  1099
       Punch             |     2 |     3 |    33 |    25 ||    63
Throw: Stone             |    81 |   147 |   226 |    41 ||   495
       Dart              |       |     7 |       |     7 ||    14
       Boomerang         |       |       |    36 |   140 ||   176
       Large rock        |       |       |     3 |    10 ||    13
       Javelin           |       |       |       |     3 ||     3
Invok: Sacrifice Experie |       |       |     1 |       ||     1
       Sacrifice Love    |       |       |     1 |       ||     1
       Sacrifice Skill   |       |       |     1 |       ||     1
       Draw Out Power    |       |       |       |     4 ||     4
       Sacrifice Artific |       |       |       |     1 ||     1
Evoke: Wand              |       |       |       |     5 ||     5
  Use: Potion            |       |       |     1 |       ||     1
       Scroll            |       |       |       |    17 ||    17
 Stab: Sleeping          |       |     1 |       |       ||     1
       Invisible         |       |       |     4 |     3 ||     7
       Distracted        |       |       |     2 |     1 ||     3
       Paralysed         |       |       |       |     2 ||     2
Armor: Robe              |    20 |    27 |    87 |     8 ||   142
       Troll leather arm |       |       |    78 |    55 ||   133
Dodge: Dodged            |    40 |    48 |   304 |   156 ||   548

Table legend: (Time is in decaauts)
 A = Elapsed time spent in this place.
 B = Non-inter-level travel time spent in this place.
 C = Inter-level travel time spent in this place.
 D = Time resting spent in this place.
 E = Time spent auto-exploring this place.
 F = Levels seen in this place.
 G = Mean time per level.
                   A        B        C        D        E       F      G
               +--------+--------+--------+--------+--------+-----+--------+
         Total |  13932 |  13469 |    463 |    349 |   9994 |  17 |  819.5 |
       Dungeon |  11605 |  11238 |    367 |    188 |   8461 |  12 |  967.1 |
        Temple |    206 |    184 |     22 |      0 |    168 |   1 |  206.0 |
          Lair |   1778 |   1705 |     73 |     34 |   1291 |   3 |  592.7 |
      Ice Cave |    342 |    342 |      0 |    127 |     74 |   1 |  342.0 |
               +--------+--------+--------+--------+--------+-----+--------+

Top non-repeatable levels by time:
     D:7: 1677 daAuts
    D:10: 1221 daAuts
     D:4: 1200 daAuts
  Lair:2: 1016 daAuts
     D:9: 965 daAuts
    D:11: 948 daAuts
     D:5: 924 daAuts
     D:1: 907 daAuts
     D:6: 881 daAuts
     D:3: 855 daAuts
    D:12: 804 daAuts
  Lair:1: 653 daAuts
     D:2: 646 daAuts
     D:8: 572 daAuts
   IceCv: 342 daAuts
